 Dungeon Crawl Stone Soup version 0.24.0-123-gd5b16e6ec5 (webtiles) character file.

Game seed: 3288620586802097595, levelgen mode: deterministic

58 vurker the Digger (level 3, -1/15 HPs)
             Began as a Felid Earth Elementalist on Feb 3, 2020.
             Slain by a kobold (3 damage)
             ... on level 2 of the Dungeon.
             The game lasted 00:03:09 (1598 turns).

vurker the Digger (Felid Earth Elementalist)        Turns: 1598, Time: 00:03:09

Health: -1/15      AC:  1    Str:  4    XL:     3   Next: 75%
Magic:  0/8        EV: 18    Int: 17    God:
Gold:   30         SH:  0    Dex: 16    Spells: 1/7 levels left
                                        Lives:  0   Deaths: 0

rFire    . . .     SeeInvis +   (weapon unavailable)
rCold    . . .     Gourm    .   (shield unavailable)
rNeg     . . .     Faith    .   (armour unavailable)
rPois    .         Spirit   .   (helmet unavailable)
rElec    .         Reflect  .   (cloak unavailable)
rCorr    .         Harm     .   (gloves unavailable)
MR       .....                  (boots unavailable)
Stlth    +++.......             (no amulet)
HPRegen  0.05/turn              (no ring)
MPRegen  0.11/turn              (no ring)

@: very slightly contaminated, quick
A: very small, no armour, no weapons or thrown items, stealth, claws 1, fangs 3,
see invisible, carnivore, speed 1, shaggy fur 1, slow metabolism 1, sharp paws
a: no special abilities


You were on level 2 of the Dungeon.
You were very full.

You visited 1 branch of the dungeon, and saw 2 of its levels.

You collected 30 gold pieces.

Inventory:

Missiles
 a - 2 stones
Scrolls
 c - a scroll of identify {unknown}
 d - a scroll of fear {unknown}
 f - a scroll of magic mapping {unknown}
 g - a scroll of amnesia {unknown}
Comestibles
 e - 2 rations


   Skills:
 + Level 1.1 Fighting
 - Level 2.6 Dodging
 - Level 2.6 Stealth
 * Level 2.8 Spellcasting
 * Level 0.2 Conjurations
 - Level 1.1 Transmutations
 * Level 3.4 Earth Magic


You had one spell level left.
You knew the following spells:

 Your Spells              Type           Power        Failure   Level  Hunger
a - Sandblast             Erth           ##....       4%          1    #......
b - Stone Arrow           Conj/Erth      #.....       26%         3    ###....
q - Passwall              Tmut/Erth      ##......     11%         2    ##.....

Your spell library contained the following spells:

 Spells                   Type           Power        Failure   Level  Hunger
 Petrify                  Tmut/Erth      ##......     56%         4    #####..
 Lee's Rapid Deconstruct  Erth           ##........   77%         5    ######.


Dungeon Overview and Level Annotations

Branches:
Dungeon (2/15)

Altars:
Fedhas


Innate Abilities, Weirdness & Mutations

You cannot wear armour.
You are incapable of wielding weapons or throwing items.
Your paws allow you to move quietly. (Stealth)
You have sharp claws.
You have razor-sharp teeth.
You have supernaturally acute eyesight. (SInv)
You are carnivorous and can eat meat at any time.
You cover ground quickly.
You are covered in fur. (AC +1)
You have a slow metabolism.
Your sharp claws are effective at attacking unaware monsters.


Message History

The kobold hits the fungus.
The kobold hits the fungus.
The kobold is too close now for your liking.
You can't see any susceptible monsters within range! (Use Z to cast anyway.)
The kobold throws a stone.
The stone barely misses you.
You can't see any susceptible monsters within range! (Use Z to cast anyway.)
Aim: a kobold You miscast Stone Arrow.
You are very lightly contaminated with residual magic.
You feel a strange surge of energy!
The kobold throws a stone.
The stone barely misses you.
Aim: a kobold You miscast Stone Arrow.
The air around you crackles with energy!
You don't have enough magic to cast that spell.
The kobold hits you but does no damage.
You scratch the kobold. The kobold hits you but does no damage.
You miss the kobold. The kobold completely misses you.
You scratch the kobold but do no damage.
The kobold misses you.
You barely miss the kobold. Your bite misses the kobold.
The kobold completely misses you.
You barely miss the kobold. Your bite misses the kobold.
The kobold closely misses you.
You scratch the kobold but do no damage.
You bite the kobold, but do no damage. The kobold completely misses you.
You closely miss the kobold. You bite the kobold, but do no damage.
The kobold hits you.
You scratch the kobold but do no damage.
The kobold hits you.
You closely miss the kobold. The kobold hits you.
* * * LOW HITPOINT WARNING * * *
Aim: a kobold (severely wounded)
You miscast Stone Arrow.
You are momentarily dazzled by a flash of light!
The kobold hits you.
* * * LOW HITPOINT WARNING * * *
You don't have enough magic to cast that spell.
You don't have enough magic to cast that spell.
The kobold throws a stone.
The stone misses you.
You see here a stone.
a - a stone You don't have enough magic to cast that spell.
You see here 2 stones.
a - 3 stones (gained 2)
Aim: a kobold (heavily wounded)
The blast of sand hits the kobold but does no damage.
a - 2 stones The kobold hits you.
You die...

## .# ..##
###########...##.
#@K.......)......
#.#######.###.###
#.# #.PPPK..# #.#
#PPK....# #.#
#P._PP#.< ###.#
#P.PP)# ..#.#
#.PPP.# #.#.#
..###... #.#.#
.## ###.


You could see a kobold.

Vanquished Creatures
  A gnoll (D:1)
  An adder (D:2)
  2 oozes
  7 bats (D:1)
  2 giant cockroaches (D:1)
  A goblin (D:2)
  4 hobgoblins
  5 kobolds
  A quokka (D:2)
  3 frilled lizards
  5 rats (D:1)
32 creatures vanquished.

Vanquished Creatures (others)
  3 fungi (D:2)
3 creatures vanquished.

Grand Total: 35 creatures vanquished

Notes
Turn   | Place    | Note
-------+----------+-------------------------------------------
     0 | D:1      | vurker the Felid Earth Elementalist began the quest for the
                  | Orb.
     0 | D:1      | Reached XP level 1. HP: 7/7 MP: 4/4
   271 | D:1      | Reached skill level 3 in Earth Magic
   271 | D:1      | Reached XP level 2. HP: 6/12 MP: 3/6
   523 | D:1      | Learned a level 2 spell: Passwall
   635 | D:1      | Reached XP level 3. HP: 15/15 MP: 7/7
   746 | D:1      | Reached skill level 1 in Fighting
  1088 | D:2      | Learned a level 3 spell: Stone Arrow
  1121 | D:2      | Noticed an ogre
  1498 | D:2      | Found a blossoming altar of Fedhas.
  1598 | D:2      | Slain by a kobold

Levels and vault maps discovered:
D:1:      tarquinn_simple_flora_water_a, layout_basic
D:2:      layout_rooms, chequers_serial_rivers_micro_d,
          chequers_serial_rivers_small_3, fedhas_altar_3,
          uniq_crazy_yiuf_cottage

Skill      XL: |  1  2  3 |
---------------+----------+-----
Earth Magic    | 3 |  3.4
Fighting       | 1 |  1.1
Dodging        | |  2.6
Stealth        | |  2.6
Spellcasting   | |  2.8
Conjurations   | |  0.2
Transmutations | |  1.1

Action                   || total
-------------------------++-------
Melee: Unarmed           ||    55
       Bite              ||     4
 Cast: Sandblast         ||    46
       Stone Arrow       ||     2
  Use: Potion            ||     1
 Stab: Sleeping          ||     1
  Eat: Chunk             ||     9
Armor: Skin              ||    11
Dodge: Dodged            ||    64
